 Dungeon Crawl Stone Soup version 0.21.1-1-g345015f (webtiles) character file.

3404 xccam the Cleaver (level 9, -8/103 HPs)
             Began as a Demonspawn Abyssal Knight on Feb 12, 2018.
             Was an Elder of Lugonu.
             Mangled by PipsiMox's ghost (19 damage)
             ... on level 8 of the Dungeon.
             The game lasted 00:20:05 (6201 turns).

xccam the Cleaver (Demonspawn Abyssal Knight)       Turns: 6201, Time: 00:20:06

Health: -8/103     AC: 14    Str: 23 (24) XL:     9   Next: 75%
Magic:  0/11       EV: 12    Int: 13 (14) God:    Lugonu [****..]
Gold:   190        SH:  0    Dex: 12 (13) Spells: 8/8 levels left

rFire    + + .     SeeInvis .   a - +1 hand axe
rCold    . . .     Gourm    .   (no shield)
rNeg     . . .     Faith    .   d - +0 chain mail
rPois    .         Spirit   +   i - +2 hat of Unreason {+Fly rElec rF++}
rElec    +         Reflect  .   (no cloak)
rCorr    .         Harm     .   (no gloves)
MR       .....                  s - +0 pair of boots
Stlth    ..........             g - amulet of regeneration
HPRegen  0.67/turn              y - +4 ring of strength
MPRegen  0.24/turn              (no ring)

@: mighty, berserking, very quick
A: repulsion field 1, high mp 1, shaggy fur 1, spiny 2, magic shield, magic
regeneration
a: Depart the Abyss, Bend Space, Banish, Corrupt, Renounce Religion, Evoke
Flight


You were on level 8 of the Dungeon.
You worshipped Lugonu.
Lugonu was greatly pleased with you.
You were not hungry.

You visited 1 branch of the dungeon, and saw 8 of its levels.
You visited the Abyss 1 time.
You also visited: Ossuary.

You collected 190 gold pieces.

Inventory:

Hand Weapons
 a - a +1 hand axe (weapon)
Armour
 d - a +0 chain mail (worn)
 i - the +2 hat of Unreason (worn) {+Fly rElec rF++}
   (You found it on level 8 of the Dungeon)

   It greatly protects you from fire.
   It insulates you from electricity.
   It lets you fly.
 p - a +0 helmet
 s - a +0 pair of boots (worn)
Jewellery
 g - an amulet of regeneration (around neck)
 j - an uncursed amulet of magic regeneration
 y - a +4 ring of strength (left hand)
Wands
 u - a wand of iceblast (5)
Scrolls
 f - 6 scrolls of remove curse
 n - 6 scrolls of identify
 r - a scroll of teleportation
 z - 2 scrolls of amnesia {unknown}
Potions
 e - 4 potions of heal wounds
 x - a potion of agility
 A - a potion of invisibility
 B - 2 potions of brilliance
Books
 b - a book of Conjurations

   Spells                             Type                      Level
   a - Magic Dart                     Conjuration                  1
   b - Searing Ray                    Conjuration                  2
   c - Dazzling Spray                 Conjuration/Hexes            3
   d - Fulminant Prism                Conjuration/Hexes            4
   e - Force Lance                    Conjuration/Translocation    4
   f - Iskenderun's Mystic Blast      Conjuration                  4
 q - a book of Maledictions

   Spells                             Type                      Level
   a - Corona                         Hexes                        1
   b - Ensorcelled Hibernation        Hexes/Ice                    2
   c - Confuse                        Hexes                        3
   d - Tukima's Dance                 Hexes                        3
   e - Dazzling Spray                 Conjuration/Hexes            3
Comestibles
 c - 11 rations


   Skills:
 + Level 6.2 Fighting
 * Level 9.5 Axes
 + Level 5.3 Armour
 + Level 5.0 Dodging
 - Level 2.4 Invocations


You had 8 spell levels left.
You didn't know any spells.

Dungeon Overview and Level Annotations

Branches:
Dungeon (8/15)             Temple (0/1) D:4
   Lair: D:8-11

Altars:
Hepliaklqana
Kikubaaqudgha
Qazlal

Shops:
D:4 [[(   D:5 [

Annotations:
D:8 PipsiMox's ghost, journeyman HOFi


Innate Abilities, Weirdness & Mutations

You are surrounded by a mild repulsion field. (EV +2)
You are mostly covered in sharp spines.
When hurt, damage is shared between your health and your magic reserves.
You regenerate magic rapidly.
You have an increased reservoir of magic. (+10% MP)
You are covered in fur. (AC +1)


Message History

PipsiMox's ghost is moderately damaged.
You hit PipsiMox's ghost.
PipsiMox's ghost is moderately damaged.
PipsiMox's ghost closely misses you.
You slash PipsiMox's ghost!
PipsiMox's ghost is heavily damaged.
PipsiMox's ghost barely misses you.
You slash PipsiMox's ghost!
PipsiMox's ghost is severely damaged.
You hit PipsiMox's ghost but do no damage.
PipsiMox's ghost is severely damaged.
PipsiMox's ghost hits you!!
* * * LOW HITPOINT WARNING * * *
You slash PipsiMox's ghost!
PipsiMox's ghost is severely damaged.
You barely miss PipsiMox's ghost.
PipsiMox's ghost is severely damaged.
PipsiMox's ghost is struck by your spines.
PipsiMox's ghost hits you!!
You die...

############ .#
#####<....##...# ###..#
...............##.....#
...#######.##..#@.#
#### ######.#W# #..$..#
###...# ...... #.....
...... ...... #...


You could see PipsiMox's ghost.

Vanquished Creatures
  A two-headed ogre (D:7)
  The ghost of Lapis the Digger, a novice NaEE (D:6)
  A gargoyle (D:7)
  The ghost of Monsterracer the Ruffian, an amateur MiWz of Ashenzari (D:4)
  An orc warrior (D:6)
  An ice beast (D:7)
  3 ogres
  2 phantoms
  2 centaurs
  Blork the orc (D:4)
  An elf zombie (Ossuary)
  3 bullfrogs
  A scorpion (D:4)
  A crimson imp (D:5)
  2 centaur zombies
  2 hounds (D:7)
  An orc priest (D:3)
  3 iguanas
  9 orc wizards
  3 worker ants
  A hound skeleton (D:4)
  2 mummies (Ossuary)
  A worker ant zombie (D:6)
  Robin (D:2)
  8 adders
  An adder skeleton (D:7)
  An adder zombie (Ossuary)
  2 worms (D:2)
  2 dart slugs
  7 leopard geckos
  29 orcs
  2 ball pythons (D:1)
  3 giant cockroaches (D:3)
  9 hobgoblins
  14 jackals
  2 quokkas
  5 bats
  3 frilled lizards
  12 goblins
  2 goblin zombies (Ossuary)
  8 hobgoblin zombies (Ossuary)
  3 jackal zombies (Ossuary)
  12 kobolds
  11 kobold zombies (Ossuary)
  A leopard gecko zombie (D:3)
  9 orc zombies (Ossuary)
  6 rats
  A rat zombie (Ossuary)
198 creatures vanquished.

Vanquished Creatures (others)
  A human (D:7)
1 creature vanquished.

Grand Total: 199 creatures vanquished

Notes
Turn   | Place    | Note
-------+----------+-------------------------------------------
     0 | Abyss:1  | xccam the Demonspawn Abyssal Knight began the quest for the Orb.
     0 | Abyss:1  | Reached XP level 1. HP: 18/18 MP: 2/2
    75 | Abyss:1  | Noticed a stone giant skeleton
    75 | Abyss:1  | Noticed a small abomination
    88 | Abyss:1  | Noticed a large abomination
   107 | Abyss:1  | Noticed a small abomination
   116 | Abyss:1  | Noticed a small abomination
   116 | D:1      | Escaped the Abyss
   146 | D:1      | Reached skill level 2 in Axes
   439 | D:1      | Gained mutation: You are partially covered in sharp spines. [demonic ancestry]
   439 | D:1      | Reached XP level 2. HP: 15/24 MP: 3/3
   443 | D:1      | Reached * piety under Lugonu
   828 | D:2      | Reached skill level 3 in Axes
   859 | D:2      | Gained mutation: You are mostly covered in sharp spines. [demonic ancestry]
   859 | D:2      | Reached XP level 3. HP: 29/29 MP: 4/4
  1037 | D:2      | Noticed Robin
  1097 | D:2      | Killed Robin
  1097 | D:2      | Reached skill level 4 in Axes
  1097 | D:2      | Gained mutation: You are surrounded by a mild repulsion field. (EV +2) [demonic ancestry]
  1097 | D:2      | Reached XP level 4. HP: 35/35 MP: 5/5
  1651 | D:3      | Reached ** piety under Lugonu
  1785 | D:3      | Reached XP level 5. HP: 12/41 MP: 6/6
  1787 | D:3      | Reached skill level 5 in Axes
  2341 | D:4      | Found Fiseyggi's Armour Emporium.
  2357 | D:4      | Found a staircase to the Ecumenical Temple.
  2369 | D:4      | Gained mutation: When hurt, damage is shared between your health and your magic reserves. [demonic ancestry]
  2369 | D:4      | Reached XP level 6. HP: 33/47 MP: 7/7
  2531 | D:4      | Reached *** piety under Lugonu
  2533 | D:4      | Reached skill level 6 in Axes
  2544 | D:4      | Found Dopoxu's Antique Armour Boutique.
  2631 | D:4      | Noticed Blork the orc
  2654 | D:4      | Reached skill level 1 in Dodging
  2655 | D:4      | Killed Blork the orc
  2826 | D:4      | Noticed Monsterracer's ghost (amateur MiWz)
  2846 | D:4      | Killed Monsterracer's ghost
  2846 | D:4      | Gained mutation: You regenerate magic rapidly. [demonic ancestry]
  2846 | D:4      | Reached XP level 7. HP: 51/52 MP: 8/8
  2883 | D:4      | Found Pumyillo's Weapon Boutique.
  3342 | D:5      | Entered Level 5 of the Dungeon
  3473 | D:5      | Reached skill level 7 in Axes
  3584 | D:5      | Found a hazy altar of Hepliaklqana.
  3617 | D:5      | Found Enaorry's Antique Armour Shoppe.
  4020 | D:6      | Noticed Lapis's ghost (novice NaEE)
  4085 | D:6      | Killed Lapis's ghost
  4085 | D:6      | Reached XP level 8. HP: 55/61 MP: 9/9
  4174 | D:6      | Found a stormy altar of Qazlal.
  4351 | D:6      | Reached skill level 8 in Axes
  4413 | D:6      | Reached skill level 5 in Fighting
  5111 | D:7      | Reached XP level 9. HP: 42/68 MP: 8/10
  5248 | D:7      | Found a sand-covered staircase.
  5294 | Ossuary  | Entered an ossuary
  5301 | Ossuary  | Reached **** piety under Lugonu
  5497 | Ossuary  | Gained mutation: You are covered in fur. (AC +1) [potion of mutation]
  5497 | Ossuary  | Gained mutation: You have an increased reservoir of magic. (+10% MP) [potion of mutation]
  5683 | D:7      | Noticed a two-headed ogre
  5704 | D:7      | Killed a two-headed ogre
  5704 | D:7      | Reached skill level 9 in Axes
  5704 | D:7      | Reached skill level 5 in Armour
  5781 | D:7      | Found an ancient bone altar of Kikubaaqudgha.
  5786 | D:7      | Noticed a gargoyle
  5804 | D:7      | Killed a gargoyle
  5804 | D:7      | Reached skill level 5 in Dodging
  6163 | D:8      | Got a fine hat
  6170 | D:8      | Noticed PipsiMox's ghost (journeyman HOFi)
  6174 | D:8      | Identified the +2 hat of Unreason {+Fly rElec rF++} (You found it on level 8 of the Dungeon)
  6201 | D:8      | Mangled by PipsiMox's ghost

Skill      XL: |  1  2  3  4  5  6  7  8  9 |
---------------+----------------------------+-----
Axes           | 2 3 4 5 6 7 8 9 |  9.5
Armour         | 2 3 4 5 |  5.3
Dodging        | 1 3 4 5 |  5.0
Fighting       | 4 5 6 |  6.2
Invocations    | |  2.4

Action                   |  1- 3 |  4- 6 |  7- 9 || total
-------------------------+-------+-------+-------++-------
Melee: Hand axe          |   105 |   153 |   383 ||   641
Invok: Depart the Abyss  |     1 |       |       ||     1
  Use: Scroll            |     2 |     4 |     4 ||    10
       Potion            |       |     2 |    16 ||    18
 Stab: Invisible         |       |       |     2 ||     2
  Eat: Chunk             |       |     6 |     8 ||    14
       Ration            |       |       |     1 ||     1
Armor: Chain mail        |    58 |    67 |   122 ||   247
Dodge: Dodged            |    37 |    39 |   132 ||   208
